Map: Last Fantasy LE

Players

ManlyManMeat - Winner!

  • Race: Zerg Zerg
  • League: Platinum
  • Spawn Location: 3:00

VOD

Have the link to the VOD?

Description

Time

  • Played on: June 20, 2025, 4:39 a.m.
  • Length: 8:36
Show
View Real Time Build Order
Export as new Build Order

ManlyManMeat Zerg - Winner!

Build Orders:  

Get SALT Encoding   

  12  0:00  Drone  
  13  0:17  Overlord  
  13  0:24  Drone  
  14  0:42  Drone x2  
  16  1:06  Hatchery  
  15  1:11  Drone  
  16  1:34  Spawning Pool  
  16  1:36  Extractor  
  16  1:39  Drone  
  15  1:44  Drone  
  16  1:51  Drone  
  16  1:55  Drone  
  18  2:09  Drone  
  19  2:29  Drone  
  20  2:47  Queen  
  20  2:48  Queen  
  24  2:53  Overlord  
  24  2:56  Zergling x2  
  25  3:01  Zergling x2  
  25  3:07  Drone  
  27  3:38  Drone x3, Baneling Nest  
  29  3:56  Overlord  
  29  3:57  Drone x2  
  31  4:12  Queen  
  31  4:15  Metabolic Boost  
  33  4:31  Drone x3  
  33  4:33  Evolution Chamber  
  35  4:47  Spine Crawler  
  35  4:49  Spine Crawler  
  33  5:00  Drone  
  34  5:13  Drone  
  38  5:29  Drone  
  36  5:30  Drone x2  
  36  5:33  Overlord  
  38  5:59  Hatchery  
  37  6:06  Zergling x2  
  37  6:07  Zergling x10  
  37  6:08  Zergling x2  
  44  6:14  Baneling  
  44  6:16  Baneling x2  
  44  6:17  Baneling  
  44  6:28  Zergling x4  
  44  6:29  Zergling x4, Evolution Chamber  
  47  6:37  Queen  
  49  6:58  Zergling x6  
  52  7:17  Overlord x3  
  52  7:41  Zergling x2  
  52  7:42  Zergling x10  
  52  7:46  Baneling x3  
  52  7:47  Baneling x2  
Tags
 
League
Platinum
Matchup
Co-op
Replay Pack
Myownreplay2
Add a new tag
Caveats
  • Supply blocks, unpowered buildings, or Contaminate may cause inaccurate times.
  • Supply counts are checked every 10 seconds.